Map: Inside and Out

Players

Future - Winner!

  • Race: Terran Terran
  • Spawn Location: 1:00

Jinioh

  • Race: Terran Terran
  • Spawn Location: 7:00

Event: DreamHack SC2 Masters 2022 Atlanta (Offline)

VOD

Have the link to the VOD?

Description

Time

  • Played on: Nov. 18, 2022, 11:15 a.m.
  • Length: 8:41

All games in this series

Show
View Real Time Build Order
Export as new Build Order

Future Terran - Winner!

Build Orders: Cyclone Opening 

Get SALT Encoding   

  12  0:00  SCV  
  13  0:12  SCV  
  14  0:17  Supply Depot  
  14  0:24  SCV  
  15  0:38  SCV  
  15  0:40  Barracks  
  16  0:43  Refinery  
  16  0:50  SCV  
  16  0:52  Refinery  
  17  1:02  SCV  
  18  1:15  SCV  
  19  1:26  Reaper  
  19  1:27  Orbital Command  
  19  1:28  Supply Depot  
  20  1:40  Factory  
  20  1:52  SCV  
  21  1:58  Reaper  
  22  2:04  SCV  
  23  2:16  SCV  
  23  2:17  Command Center  
  24  2:24  Factory Tech Lab  
  24  2:28  SCV  
  25  2:31  Barracks Reactor  
  25  2:33  Supply Depot  
  25  2:40  SCV  
  26  2:44  Cyclone  
  29  2:52  SCV  
  30  3:03  Starport  
  30  3:04  SCV  
  31  3:10  Marine x2  
  33  3:17  SCV  
  34  3:25  Siege Tank  
  36  3:29  SCV, Orbital Command  
  36  3:30  Marine x2  
  38  3:41  SCV  
  39  3:43  Medivac  
  39  3:48  Marine x2  
  41  3:50  Supply Depot  
  41  3:53  SCV  
  41  3:55  SCV  
  45  4:05  SCV  
  45  4:06  Siege Tank, Marine x2  
  45  4:07  SCV  
  52  4:16  Starport Tech Lab  
  52  4:17  Supply Depot, SCV  
  52  4:19  SCV  
  52  4:31  SCV  
  52  4:39  SCV  
  52  4:43  SCV  
  52  4:45  Command Center  
  54  4:52  Marine  
  54  4:53  Stimpack  
  54  4:55  SCV x2  
  54  4:57  Barracks  
  54  4:59  Barracks  
  57  5:07  SCV x2  
  57  5:12  Supply Depot, Refinery  
  57  5:13  Engineering Bay, Starport Reactor  
  59  5:19  SCV x2  
  61  5:26  Marine  
  61  5:27  Siege Tank  
  65  5:29  Supply Depot  
  65  5:31  SCV  
  65  5:32  SCV  
  67  5:36  Refinery  
  67  5:42  Terran Infantry Weapons Level 1  
  67  5:43  SCV  
  67  5:44  SCV, Marine  
  67  5:47  Marine x2  
  72  5:55  SCV  
  72  5:56  SCV, Marine x2  
  76  6:01  Starport Reactor  
  76  6:03  Supply Depot  
  76  6:04  Marine  
  76  6:05  Siege Tank, Marine x2  
  76  6:07  SCV  
  76  6:08  SCV  
  84  6:16  Barracks  
  84  6:18  Barracks  
  84  6:19  Marine x2  
  84  6:22  SCV, Marine  
  84  6:24  SCV  
  89  6:28  Orbital Command  
  89  6:32  Marine  
  89  6:35  Marine  
  89  6:36  Combat Shield  
  89  6:38  SCV  
  89  6:39  SCV  
  92  6:42  Marine  
  92  6:47  Supply Depot x2, Marine x2  
  93  6:51  SCV  
  93  6:52  Marine  
  95  6:54  Siege Tank  
  95  6:55  SCV x2  
  95  6:56  Marine  
  95  7:00  Marine  
  102  7:03  Marine  
  102  7:04  Marine  
  102  7:05  Marine  
  102  7:06  Supply Depot  
  102  7:08  Marine  
  105  7:17  Marine x2  
  105  7:18  Marine  
  105  7:21  Marine  
  108  7:24  Marine  
  108  7:27  Marine  
  108  7:29  Siege Tank, Marine  
  98  7:33  SCV  
  98  7:35  Marine x2  
  98  7:36  Marine  
  94  7:38  Medivac x2  
  94  7:39  Marine  
  94  7:42  Marine  
  100  7:45  Marine  
  100  7:46  SCV x2, Refinery x2  
  100  7:47  SCV  
  100  7:49  Marine  
  105  7:53  Marine  
  105  7:56  Supply Depot  
  105  7:58  SCV  
  106  7:59  Sensor Tower  
  106  8:03  SCV x2  
  106  8:04  Marine x2  
  109  8:09  Siege Tank  
  109  8:10  SCV  
  111  8:16  Marine x2  
  111  8:17  Barracks Reactor x2  
  110  8:21  Marine  
  112  8:29  Command Center  
Show
View Real Time Build Order
Export as new Build Order

Jinioh Terran 

Build Orders:  

Get SALT Encoding   

  12  0:00  SCV  
  13  0:12  SCV  
  14  0:17  Supply Depot  
  14  0:24  SCV  
  15  0:39  SCV, Barracks  
  16  0:43  Refinery  
  16  0:51  SCV  
  16  0:52  Refinery  
  17  1:03  SCV  
  18  1:15  SCV  
  19  1:25  Reaper  
  19  1:27  Orbital Command  
  19  1:32  Supply Depot  
  20  1:40  Factory  
  20  1:52  SCV  
  21  1:58  Reaper  
  22  2:04  SCV  
  23  2:15  Command Center  
  23  2:18  SCV  
  24  2:23  Hellion  
  26  2:30  Barracks Reactor, SCV  
  26  2:36  Starport  
  27  2:41  Supply Depot  
  27  2:45  SCV  
  27  2:49  Widow Mine  
  30  2:57  SCV  
  30  3:07  Marine x2  
  30  3:10  Factory Tech Lab  
  30  3:12  Medivac  
  34  3:16  SCV  
  34  3:24  Marine  
  33  3:28  SCV  
  33  3:29  Cyclone  
  37  3:36  Marine  
  37  3:38  Refinery  
  37  3:40  SCV  
  39  3:45  Orbital Command  
  39  3:50  Starport Tech Lab  
  39  3:52  SCV  
  39  3:54  Marine  
  39  3:55  Marine  
  42  4:04  SCV  
  43  4:10  Raven  
  43  4:12  Marine  
  43  4:13  Marine  
  43  4:16  SCV  
  48  4:27  SCV  
  48  4:28  SCV, Siege Tank  
  48  4:30  Marine  
  54  4:33  Supply Depot  
  54  4:35  Marine  
  53  4:39  SCV  
  53  4:42  Supply Depot  
  54  4:55  SCV x2, Raven  
  54  4:56  Supply Depot  
  54  4:58  Marine  
  54  4:59  Marine  
  60  5:07  SCV x2  
  60  5:08  Siege Tank  
  60  5:12  Supply Depot  
  65  5:16  Marine  
  65  5:17  Marine  
  65  5:19  SCV  
  65  5:20  SCV  
  69  5:31  SCV  
  69  5:32  SCV  
  71  5:39  Supply Depot  
  71  5:40  Siege Tank  
  74  5:43  SCV  
  74  5:44  SCV  
  74  5:45  Viking  
  74  5:48  Viking  
  80  5:53  Marine  
  80  5:56  SCV  
  82  5:59  SCV  
  82  6:00  Supply Depot  
  83  6:08  SCV  
  83  6:10  Supply Depot  
  85  6:12  Siege Tank  
  85  6:15  Viking  
  85  6:16  SCV  
  85  6:18  Viking  
  92  6:21  SCV  
  92  6:24  Refinery  
  93  6:27  Marine  
  93  6:28  SCV  
  95  6:33  SCV  
  95  6:40  SCV  
  95  6:44  Siege Tank  
  95  6:45  SCV  
  100  6:49  Command Center  
  100  6:50  Viking  
  100  6:52  SCV  
  103  6:57  Viking, SCV  
  106  7:04  Supply Depot, SCV  
  106  7:08  Barracks  
  107  7:09  SCV, Barracks  
  106  7:16  SCV, Siege Tank  
  106  7:21  SCV  
  107  7:28  SCV  
  83  7:33  SCV  
  83  7:35  Viking x2, Marine  
  78  7:39  Engineering Bay  
  78  7:40  Engineering Bay, SCV  
  78  7:42  Barracks  
  77  7:45  Barracks, SCV  
  77  7:48  Siege Tank  
  81  7:53  SCV  
  81  7:58  SCV  
  83  7:59  Barracks Reactor x2  
  83  8:05  SCV  
  84  8:07  Supply Depot  
  84  8:10  SCV  
  84  8:11  Supply Depot  
  82  8:17  SCV, Marine  
  79  8:22  SCV  
Tags
 
Add a new tag
Caveats
  • Supply blocks, unpowered buildings, or Contaminate may cause inaccurate times.
  • Supply counts are checked every 10 seconds.